 Dungeon Crawl Stone Soup version 0.32-a0-35-gd9ff480968 (webtiles) character file.

Game seed: 1103924715606906387

383 PriceMaster the Sneak (level 6, -8/42 HPs)
             Began as a Vampire Fire Elementalist on Jan 23, 2024.
             Was an Initiate of Vehumet.
             Killed by an exploding orc (50 damage)
             ... ignited by their inner flame
             ... on level 5 of the Dungeon.
             The game lasted 00:10:10 (3810 turns).

PriceMaster the Sneak (Vampire Fire Elementalist)   Turns: 3810, Time: 00:10:14

Health: -8/42      AC:  2    Str:  9    XL:     6   Next: 47%
Magic:  1/10       EV: 17    Int: 17    God:    Vehumet [......]
Gold:   90         SH:  0    Dex: 15    Spells: 5/11 levels left

rFire   . . .        w - +2 short sword (flame)
rCold   . . .        (no shield)
rNeg    . . .        a - +0 robe
rPois   .            (helmet currently unavailable)
rElec   .            (cloak currently unavailable)
rCorr   .            (gloves currently unavailable)
SInv    +            (boots currently unavailable)
Will    .....        (no amulet)
Stlth   +++          b - +5 ring of evasion
HPRegen 0.47/turn    s - ring of wizardry
MPRegen 0.12/turn

%: wizardry (x1)
@: beast-form, healing quickly, invisible
A: beast (slay +1), alive, fangs 3, see invisible, vampiric 2, antennae 1,
inability to drink after injury 1, MP-powered wands
a: Exsanguinate, Begin Untransformation, Renounce Religion


You were on level 5 of the Dungeon.
You worshipped Vehumet.
Vehumet was noncommittal.
You were a hulking beast.
You visited 1 branch of the dungeon, and saw 5 of its levels.

You collected 244 gold pieces.
You spent 154 gold pieces at shops.

Inventory:

Hand Weapons
 f - a +0 halberd
 o - a +3 dagger
 w - a +2 short sword of flaming (weapon)
Armour
 a - a +0 robe (worn)
Jewellery
 b - a +5 ring of evasion (left hand)
 s - a ring of wizardry (right hand)
 u - a ring of protection from fire
Talismans
 j - a beast talisman (active)
Wands
 r - a wand of light (11)
Scrolls
 g - 2 scrolls of teleportation
 h - a scroll of noise {unknown}
 k - a scroll of butterflies {unknown}
 l - 2 scrolls of poison
 q - 3 scrolls of enchant armour {unknown}
 v - a scroll of blinking
 x - a scroll of revelation {unknown}
 y - a scroll of immolation {unknown}
 A - a scroll of brand weapon {unknown}
Potions
 c - 2 potions of attraction
 d - a potion of brilliance
 e - 3 potions of curing
 i - 2 potions of enlightenment
 m - 2 potions of might
 t - 2 potions of heal wounds
 z - a potion of degeneration {unknown}


   Skills:
 + Level 0.5 Fighting
 + Level 1.8 Short Blades
 - Level 1.6 Polearms
 + Level 2.6 Dodging
 + Level 5.1 Stealth
 - Level 1.0 Unarmed Combat
 + Level 3.0 Spellcasting
 + Level 0.7 Conjurations
 + Level 0.1 Hexes
 + Level 3.2 Fire Magic
 * Level 2.7 Shapeshifting


You had 5 spell levels left.
You knew the following spells:

 Your Spells              Type           Power      Damage    Failure   Level
a - Foxfire               Conj/Fire      36%        2x1d5     3%          1
b - Scorch                Fire           26%        2d6       2%          2
c - Inner Flame           Hex/Fire       8%         N/A       11%         3

Your spell library contained the following spells:

 Spells                   Type           Power      Damage    Failure   Level
 Necrotise                Necr           8%         1d4       7%          1
 Volatile Blastmotes      Fire/Tloc      16%        2d11      11%         3
 Vampiric Draining        Necr           2%         2d6       21%         3
 Flame Wave               Conj/Fire      9%         2d6       28%         4
 Martyr's Knell           Necr/Summ      2%         N/A       52%         4
 Curse of Agony           Necr           2%         N/A       86%         5


Dungeon Overview and Level Annotations

Branches:
Dungeon (5/15)
 Temple: D:4-7

Altars:
Vehumet

Shops:
D:4 !*(


Innate Abilities, Weirdness & Mutations

You are a hulking beast.
Your limbs bulge with bestial killing power. (Slay +1)
Your natural rate of healing is accelerated.
You have razor-sharp teeth.
You have supernaturally acute eyesight. (SInv)
You are afflicted with vampirism and can become a bat while bloodless.
You have a pair of small antennae on your head.
You occasionally lose the ability to drink potions when taking damage.
You expend magic power (3 MP) to strengthen your wands.


Message History

Confirm with . or Enter, or press ? or * to list all spells.
You don't have enough magic to cast this spell.
You hit the orc wizard. You burn the orc wizard.
You punch the orc wizard, but do no damage.
The orc wizard is heavily wounded.
The foxfire hits the orc wizard.
The orc wizard is almost dead.
The foxfire hits the orc wizard but does no damage.
The orc wizard is almost dead.
The orc wizard gestures at you while chanting.
The puff of flame misses you.
You hit the orc wizard. You burn the orc wizard.
The orc wizard is almost dead.
The orc wizard barely misses you.
Unknown command.
You miss the orc wizard.
The orc wizard is almost dead.
The orc wizard points at you and mumbles some strange words.
You resist with some effort.
You hit the orc wizard. You burn the orc wizard.
You kill the orc wizard!
Vehumet accepts your kill.
You closely miss the orc. The orc hits you but does no damage.
Things that are here:
a +0 dagger; a +0 robe; a +0 hand axe You barely miss the orc.
You bite the orc.
The orc is severely wounded.
The orc completely misses you. The orc barely misses you.
You puncture the orc! You burn the orc.
You kill the orc!
Vehumet accepts your kill. The orc misses you.
You catch the helpless orc completely off-guard!
You puncture the orc! You burn the orc. Vehumet accepts your kill.
The orc explodes!
The fiery explosion engulfs you!!!
Ouch! That really hurt!
You die...

.. #.. ## .## ##. .#
..###..# .## #.
..>.....###..#... #...
#..#... ..# #§. #...##
#.# #§# #....# #.#
##h### ##.#..###.##
###.)..###.###..#...#
#..........# #......#
......[.####..###.##<...
........# ##..#..####.#
........# ##....# #.##
......... ......##.#
......... #.####....##
#........ #.# ###...#


There were no monsters in sight!

Vanquished Creatures
  A scorpion (D:4)
  A howler monkey (D:5)
  A bombardier beetle (D:4)
  An orc priest (D:3)
  A jelly (D:4)
  An orc wizard (D:5)
  4 gnolls (D:4)
  4 adders
  8 dart slugs
  A ribbon worm (D:2)
  12 orcs
  5 endoplasms
  3 giant cockroaches
  6 hobgoblins
  4 jackals
  4 kobolds
  7 quokkas
  10 ball pythons
  5 bats
  A frilled lizard (D:2)
  2 goblins (D:4)
  3 rats
85 creatures vanquished.

Vanquished Creatures (others)
  27 foxfires
27 creatures vanquished.

Grand Total: 112 creatures vanquished

Notes
Turn   | Place    | Note
-------+----------+-------------------------------------------
     0 | D:1      | PriceMaster the Vampire Fire Elementalist began the quest
                  | for the Orb.
     0 | D:1      | Reached XP level 1. HP: 13/13 MP: 3/3
   228 | D:1      | Reached XP level 2. HP: 15/19 MP: 5/5
   231 | D:1      | Learned a level 2 spell: Scorch
   387 | D:1      | Found a faded altar of an unknown god.
   787 | D:1      | Reached skill level 1 in Unarmed Combat
  1017 | D:2      | Gained mutation: You are afflicted with vampirism and can
                  | become a bat while bloodless. [Vampire growth]
  1017 | D:2      | Reached XP level 3. HP: 24/24 MP: 2/6
  1292 | D:2      | Reached skill level 1 in Polearms
  1619 | D:2      | Reached XP level 4. HP: 30/30 MP: 7/7
  2026 | D:3      | Reached skill level 1 in Short Blades
  2067 | D:3      | Reached skill level 1 in Shapeshifting
  2181 | D:3      | Reached skill level 4 in Stealth
  2545 | D:4      | Found Oregekh's Weapon Shoppe.
  2552 | D:4      | Reached XP level 5. HP: 29/35 MP: 8/8
  2686 | D:4      | Found Ziumofan's General Store.
  2763 | D:4      | Found Lask's Distillery.
  2789 | D:4      | Bought a potion of heal wounds for 50 gold pieces
  2794 | D:4      | Bought a potion of mutation for 104 gold pieces
  2794 | D:4      | Gained mutation: You are occasionally teleported next to
                  | monsters. [potion of mutation]
  2794 | D:4      | Gained mutation: Your system is resistant to poisons.
                  | (rPois) [potion of mutation]
  2795 | D:4      | Lost mutation: Your system is resistant to poisons. (rPois)
                  | [potion of mutation]
  2795 | D:4      | Lost mutation: You are occasionally teleported next to
                  | monsters. [potion of mutation]
  2795 | D:4      | Gained mutation: You have a pair of small antennae on your
                  | head. [potion of mutation]
  2795 | D:4      | Gained mutation: You occasionally lose the ability to drink
                  | potions when taking damage. [potion of mutation]
  2795 | D:4      | Gained mutation: You expend magic power (3 MP) to
                  | strengthen your wands. [potion of mutation]
  2908 | D:4      | Found a radiant altar of Vehumet.
  2927 | D:4      | Became a worshipper of Vehumet
  2996 | D:4      | Reached skill level 5 in Stealth
  3264 | D:4      | Learned a level 3 spell: Inner Flame
  3322 | D:4      | Reached XP level 6. HP: 42/42 MP: 4/10
  3663 | D:5      | Entered Level 5 of the Dungeon
  3810 | D:5      | Killed by an exploding orc... ignited by their inner flame

Illustrated notes

Levels and vault maps discovered:
D:1:      dpeg_arrival_water_fire, layout_loops_ring, basic_ecumenical_altar,
          minmay_cut_off
D:2:      layout_basic
D:3:      minmay_recursive_quarters, layout_basic, dk_noncrumbling_2,
          corner_web_ring
D:4:      layout_loops_cross, nicolae_vehumet_altar_sigil, serial_shops, shop,
          shop, shop
D:5:      layout_layer_cave, gup_sewer_entry_spiral, uniq_eustachio

Skill      XL: |  1  2  3  4  5  6 |
---------------+-------------------+-----
Unarmed Combat | 1 |  1.0
Polearms       | 1 |  1.6
Short Blades   | 1 |  1.8
Shapeshifting  | 1 2 |  2.7
Stealth        | 4 5 |  5.1
Fire Magic     | 3 |  3.2
Spellcasting   | 3 |  3.0
Fighting       | |  0.5
Dodging        | |  2.6
Conjurations   | |  0.7
Hexes          | |  0.1

Action                     |  1- 3 |  4- 6 || total
---------------------------+-------+-------++-------
  Melee: Unarmed           |    25 |       ||    25
         Halberd           |    74 |     5 ||    79
         Bite              |     7 |     4 ||    11
         Dagger            |       |    52 ||    52
         Short sword       |       |    28 ||    28
         Punch             |       |     2 ||     2
   Cast: Foxfire           |     9 |     8 ||    17
         Scorch            |     8 |    18 ||    26
         Inner Flame       |       |     4 ||     4
Ability: Exsanguinate      |     1 |       ||     1
  Evoke: Wand              |       |     3 ||     3
    Use: Scroll            |     2 |     8 ||    10
         Potion            |     1 |     3 ||     4
   Stab: Sleeping          |     9 |     6 ||    15
         Invisible         |       |     1 ||     1
 Armour: Robe              |    45 |    36 ||    81
  Dodge: Dodged            |    64 |    60 ||   124
   Form: Beast             |     3 |     1 ||     4
                           |     2 |     1 ||     3

Table legend: (Time is in decaauts)
 A = Elapsed time spent in this place.
 B = Non-inter-level travel time spent in this place.
 C = Inter-level travel time spent in this place.
 D = Time resting spent in this place.
 E = Time spent auto-exploring this place.
 F = Levels seen in this place.
 G = Mean time per level.
                   A        B        C        D        E       F      G
               +--------+--------+--------+--------+--------+-----+--------+
         Total |   3845 |   3746 |     99 |    281 |   2826 |   5 |  769.0 |
       Dungeon |   3845 |   3746 |     99 |    281 |   2826 |   5 |  769.0 |
               +--------+--------+--------+--------+--------+-----+--------+

Top non-repeatable levels by time:
     D:4: 1114 daAuts
     D:1: 949 daAuts
     D:3: 846 daAuts
     D:2: 789 daAuts
     D:5: 146 daAuts
